 Dungeon Crawl Stone Soup version 0.24.1-14-gf8d2b509d9 (webtiles) character file.

Game seed: 12929017032782823836, levelgen mode: deterministic

84233 mortelune the Arsonist (level 15, -17/142 HPs)
             Began as a Naga Fire Elementalist on May 21, 2020.
             Was a High Priest of Makhleb.
             Killed from afar by Jorgrun (38 damage)
             ... with an iron shot
             ... on level 13 of the Dungeon.
             The game lasted 01:37:25 (39890 turns).

mortelune the Arsonist (Naga Fire Elementalist)    Turns: 39890, Time: 01:37:25

Health: -17/142    AC: 15    Str: 11    XL:     15   Next: 79%
Magic:  19/27      EV: 10    Int: 21    God:    Makhleb [*****.]
Gold:   1143       SH:  5    Dex: 20    Spells: 3/31 levels left

rFire    + + +     SeeInvis +     - Unarmed
rCold    x . .     Gourm    .   C - +0 buckler
rNeg     + . .     Faith    .   N - +1 robe of Levity {rF+}
rPois    +         Spirit   .   L - +0 helmet
rElec    .         Reflect  .   B - +2 cloak {rF+}
rCorr    .         Harm     .   X - +0 pair of gloves
MR       +....                  (no barding)
Stlth    +++.......             I - amulet of magic regeneration
HPRegen  0.33/turn              Z - ring of fire
MPRegen  0.45/turn              J - ring "Zifixuh" {*Contam rF+ rN+ Dex+6 Slay+2}

@: flying, very slow
A: large, rugged brown scales 1, thin metallic scales 1, see invisible, agile 1,
deformed body, poison resistance, screaming 1, slowness 2, slow metabolism 1,
spit poison 1, constrict 1, AC +5
a: Spit Poison, Minor Destruction, Lesser Servant of Makhleb, Major Destruction,
Greater Servant of Makhleb, Renounce Religion


You were on level 13 of the Dungeon.
You worshipped Makhleb.
Makhleb was extremely pleased with you.
You were very hungry.

You visited 3 branches of the dungeon, and saw 21 of its levels.
You also visited: Sewer, Ossuary and Volcano.

You collected 2609 gold pieces.
You spent 1466 gold pieces at shops.

Inventory:

Hand Weapons
 a - the +5 hand crossbow of Vohynil {speed, rF+ rN+ MR+ Str+4}
   (You found it on level 4 of the Lair of Beasts)

   Attacks with this weapon are significantly faster.
   It affects your strength (+4).
   It protects you from fire.
   It protects you from negative energy.
   It affects your resistance to hostile enchantments.
 n - a +4 war axe of flaming
 R - a +0 demon blade of flaming
Armour
 j - a +1 cloak
 o - a scarf of repulsion
 w - the +8 chain mail of Qalotyrgh {rPois Dex+2}
   (You found it on level 4 of the Lair of Beasts)

   It affects your dexterity (+2).
   It protects you from poison.
 x - a +1 leather armour of fire resistance
 B - a +2 cloak of fire resistance (worn)
 C - a +0 buckler (worn)
 L - a +0 helmet (worn)
 N - the +1 robe of Levity (worn) {rF+}
   (You bought it in a shop on level 2 of the Orcish Mines)

   It protects you from fire.
 O - a +1 robe
 X - a +0 pair of gloves (worn)
Magical Staves
 E - an uncursed staff of cold
Jewellery
 b - an uncursed amulet of regeneration
 h - a +5 ring of strength
 I - an amulet of magic regeneration (around neck)
 J - the ring "Zifixuh" (right hand) {*Contam rF+ rN+ Dex+6 Slay+2}
   (You found it on level 6 of the Lair of Beasts)

   [ring of positive energy]

   It affects your dexterity (+6).
   It affects your accuracy and damage with ranged weapons and melee attacks
   (+2).
   It protects you from fire.
   It protects you from negative energy.
   It causes magical contamination when unequipped.
 P - a +2 ring of evasion
 Z - a ring of fire (left hand)
Wands
 k - a wand of iceblast (6)
 D - a wand of digging (10)
 M - a wand of enslavement (5)
 W - a wand of paralysis (10)
 Y - a wand of acid (16)
Scrolls
 e - a scroll of fear
 f - 2 scrolls of fog
 i - a scroll of identify
 l - 2 scrolls of enchant weapon
 p - 7 scrolls of immolation
 t - 4 scrolls of teleportation
 y - 8 scrolls of remove curse
 F - 4 scrolls of amnesia
 H - 3 scrolls of magic mapping
 K - a scroll of summoning
 S - 12 scrolls of enchant armour
Potions
 d - 10 potions of brilliance
 g - 7 potions of mutation
 m - 6 potions of resistance
 q - 6 potions of might
 r - 2 potions of heal wounds
 s - 10 potions of curing
 v - 7 potions of agility
 z - 2 potions of ambrosia
 A - 3 potions of flight
 G - 2 potions of invisibility
 Q - 3 potions of haste
 U - a potion of berserk rage {unknown}
Miscellaneous
 u - 2 sacks of spiders
Comestibles
 c - 29 rations


   Skills:
 + Level 9.9 Fighting
 - Level 0.2 Long Blades
 - Level 1.5 Dodging
 - Level 3.0 Stealth
 + Level 3.1 Shields
 * Level 3.3 Unarmed Combat
 + Level 8.7 Spellcasting
 + Level 14.4 Conjurations
 - Level 14.6 Fire Magic
 * Level 11.2 Earth Magic
 - Level 3.0 Invocations


You had 3 spell levels left.
You knew the following spells:

 Your Spells              Type           Power        Failure   Level  Hunger
a - Stone Arrow           Conj/Erth      ######       1%          3    None
b - Throw Flame           Conj/Fire      ######       1%          2    None
c - Conjure Flame         Conj/Fire      #######.     1%          3    None
d - Sticky Flame          Conj/Fire      #######.     1%          4    ###....
e - Fireball              Conj/Fire      #######...   1%          5    #####..
f - Blink                 Tloc           N/A          11%         2    None
s - Borgnjor's Vile Clut  Necr/Erth      ####......   21%         5    #####..
z - Iskenderun's Mystic   Conj           ######..     1%          4    ###....

Your spell library contained the following spells:

 Spells                   Type           Power        Failure   Level  Hunger
 Flame Tongue             Conj/Fire      #####        1%          1    None
 Magic Dart               Conj           ####         1%          1    None
 Sting                    Conj/Pois      ####         1%          1    None
 Searing Ray              Conj           ######       1%          2    None
 Dazzling Spray           Conj/Hex       #####.       1%          3    None
 Inner Flame              Hex/Fire       ######..     1%          3    None
 Mephitic Cloud           Conj/Pois/Air  ####....     3%          3    None
 Animate Skeleton         Necr           N/A          8%          1    None
 Corona                   Hex            #......      8%          1    None
 Infusion                 Chrm           #...         8%          1    None
 Pain                     Necr           #...         8%          1    None
 Call Imp                 Summ           #.......     11%         2    None
 Corpse Rot               Necr           N/A          11%         2    None
 Poisonous Vapours        Pois/Air       #.....       11%         2    None
 Shroud of Golubria       Chrm/Tloc      #.....       11%         2    None
 Slow                     Hex            #.......     11%         2    None
 Song of Slaying          Chrm           #.......     11%         2    None
 Portal Projectile        Hex/Tloc       #.....       22%         3    None
 Recall                   Summ/Tloc      N/A          22%         3    None
 Regeneration             Chrm/Necr      #.........   22%         3    None
 Spectral Weapon          Hex/Chrm       #.......     22%         3    None
 Vampiric Draining        Necr           #.........   22%         3    None
 Force Lance              Conj/Tloc      #####...     3%          4    ###....
 Fulminant Prism          Conj/Hex       #####.....   3%          4    ###....
 Leda's Liquefaction      Hex/Erth       ####......   8%          4    ###....
 Venom Bolt               Conj/Pois      #####.....   11%         5    #####..
 Animate Dead             Necr           N/A          58%         4    ###....
 Cause Fear               Hex            #.........   58%         4    ###....
 Olgreb's Toxic Radiance  Pois           #.......     58%         4    ###....
 Summon Forest            Summ/Tloc      #.........   90%         5    #####..
 Death Channel            Necr           #.........   100%        6    ######.
 Hydra Form               Tmut           #.........   100%        6    ######.
 Simulacrum               Ice/Necr       #.........   100%        6    ######.
 Summon Hydra             Summ           #.........   100%        7    #######


Dungeon Overview and Level Annotations

Branches:
Dungeon (13/15)            Temple (0/1) D:7            Lair (6/6) D:10
  Swamp (0/4) Lair:3       Spider (0/4) Lair:2        Slime (0/5) Lair:5
    Orc (2/2) D:11            Elf (0/3) Orc:2        Vaults (0/5) D:13
  Sewer (visited)         Ossuary (visited)         Volcano (visited)

Altars:
Cheibriados
Elyvilon
Gozag
Kikubaaqudgha
Makhleb
Nemelex Xobeh
Qazlal
Ru
Trog
Vehumet
Wu Jian
Xom
Yredelemnul
The Shining One
Beogh

Shops:
D:5 !   D:8 *   Orc:2 %[%?

Portals:
Trove: D:11 (give horn of Geryon)

Annotations:
D:10 need dive
D:13 Jorgrun


Innate Abilities, Weirdness & Mutations

You cannot wear boots.
Your serpentine skin is tough. (AC +5)
You have supernaturally acute eyesight. (SInv)
Armour fits poorly on your strangely shaped body.
Your system is resistant to poisons. (rPois)
You cover ground very slowly.
You have a slow metabolism.
You can spit poison.
You can use your snake-like lower body to constrict enemies.
You are partially covered in rugged brown scales. (AC +1, +3% HP)
You are partially covered in thin metallic scales. (AC +2)
You are agile. (Dex +2)
You occasionally shout uncontrollably at your foes.


Message History

As you read the scroll of fear, it crumbles to dust.
You assume a fearsome visage.
The centaur warrior looks frightened!
Jorgrun resists with almost no effort.
The centaur warrior burns!
Jorgrun hits you with a +0 quarterstaff of crushing!
* * * LOW HITPOINT WARNING * * *
x2
Okay, then.
You feel much better.
Jorgrun hits you with a +0 quarterstaff of crushing!
* * * LOW HITPOINT WARNING * * *
x2
Casting: Fireball (safe; 1% risk of failure)
Confirm with . or Enter, or press ? or * to list all spells.
Aiming: Sticky Flame (safe; 1% risk of failure)
Press: ? - help, Shift-Dir - straight line, f - Jorgrun
Aim: Jorgrun, wielding a +0 quarterstaff of crushing and wearing a +0 robe You feel a surge of power!
The sticky flame hits Jorgrun!
Jorgrun is lightly wounded.
Jorgrun is covered in liquid flames!
Jorgrun burns!
Jorgrun casts a spell at you. The iron shot hits you!!!
You die...

#[.(.#.##^.###.# ....[...#..###.#
## #.#.#.(.#......# ##.######
...###..##.########.......#
....#.#.##.......#......#.# #####
#((...#.##.#####..#.###.#.# #....
.[(........#####(##.....#.# #.###
#(((....##.##..g(.......#.###.###
##.#######.##..#@##.....).>......
##.## #.##.##.##.......###.##.
#...# #.......########## #.##.
#...# ####.#### #.... #...#
#.....# ######### ####. #.).#
#.##..# #.......# #...
#...######.##..## #.......# #.##
.........#.##...###.......####.#
###...........#...........#.##.#


You could see Jorgrun (burning).

Vanquished Creatures
  Kirke (D:13)
  Nessos (Orc:2)
  Snorg (D:13)
  An ettin (Orc:2)
  Erolcha (Orc:1)
  An ice dragon (Lair:4)
  A vault guard (D:13)
  7 hydras
  A centaur warrior (D:13)
  A catoblepas (Lair:4)
  Erica (D:9)
  A two-headed ogre (D:13)
  5 orc high priests (Orc:2)
  Sonja (D:13)
  Nergalle (Lair:1)
  A skeletal warrior (D:13)
  An unseen horror (D:13)
  5 orc knights (Orc:2)
  A deep elf mage (D:13)
  An oklob plant (D:12)
  3 cyclopes
  6 ugly things
  3 orc sorcerers
  A wolf spider (Lair:6)
  Maurice (D:8)
  13 elephants
  11 black mambas
  A guardian serpent (Lair:6)
  A gargoyle (D:12)
  18 spiny frogs
  2 rime drakes
  A kobold demonologist (D:6)
  4 komodo dragons
  2 red devils (Volcano)
  A queen bee (Lair:2)
  4 hornets
  5 trolls
  3 bog bodies (Lair:3)
  2 slime creatures
  16 blink frogs
  10 hippogriffs
  Prince Ribbit (D:7)
  A meliai zombie (D:12)
  19 dream sheep
  2 hogs (D:13)
  2 shadows (D:12)
  12 wyverns
  32 yaks
  3 redbacks
  A spriggan (Lair:4)
  Sigmund (D:4)
  2 basilisks
  3 vampire mosquitoes (D:13)
  An acid dragon (D:12)
  A swamp worm (Lair:3)
  28 water moccasins
  5 soldier ants
  30 orc warriors
  9 porcupines
  2 black bears
  5 ice beasts
  8 sky beasts
  An eye of draining (D:13)
  4 phantoms
  10 ogres
  3 wolves (Lair:1)
  5 centaurs
  10 crocodiles
  6 big kobolds
  20 bullfrogs
  8 elf zombies (Ossuary)
  A wyvern skeleton (D:6)
  6 scorpions
  43 killer bees
  3 wights (D:13)
  5 electric eels
  2 howler monkeys
  4 crimson imps
  2 bullfrog zombies
  7 centaur zombies
  2 human zombies (Ossuary)
  3 quasits
  3 centaur skeletons
  6 hounds
  13 orc wizards
  25 orc priests
  4 jellies
  A gnoll shaman (D:4)
  2 bullfrog skeletons (D:8)
  2 iguanas (D:9)
  13 worker ants
  2 hound skeletons
  2 hound zombies
  4 mummies
  13 gnolls
  4 adders
  4 shadow imps
  An ooze (Sewer)
  2 adder zombies
  2 adder skeletons
  4 worms
  5 dart slugs
  10 leopard geckos
  65 orcs
  12 bats
  12 giant cockroaches
  6 goblins
  8 hobgoblins
  6 jackals
  2 quokkas
  5 ball pythons
  A ball python skeleton (D:4)
  7 frilled lizards
  35 kobolds
  5 quokka zombies
  3 rats
  2 bushes (Lair:4)
  2 fungi
  A plant (D:12)
749 creatures vanquished.

Vanquished Creatures (collateral kills)
  Urug (D:10)
  A sun demon (Volcano)
  A hell knight (Volcano)
  A hornet (Lair:6)
  A bog body (Lair:3)
  A blink frog (Lair:6)
  A water moccasin (Lair:6)
7 creatures vanquished.

Vanquished Creatures (others)
  A human (D:13)
  14 fungi
  17 plants
32 creatures vanquished.

Grand Total: 788 creatures vanquished

Notes
Turn   | Place    | Note
-------+----------+-------------------------------------------
     0 | D:1      | mortelune the Naga Fire Elementalist began the quest for
                  | the Orb.
     0 | D:1      | Reached XP level 1. HP: 15/15 MP: 3/3
   310 | D:1      | Reached XP level 2. HP: 22/22 MP: 1/5
   423 | D:1      | Learned a level 2 spell: Throw Flame
   877 | D:1      | Reached XP level 3. HP: 30/30 MP: 3/6
  1682 | D:2      | Found an opulent altar of Gozag.
  1924 | D:2      | Learned a level 3 spell: Conjure Flame
  2666 | D:2      | Reached skill level 1 in Fighting
  2702 | D:2      | Reached XP level 4. HP: 30/38 MP: 0/7
  3132 | D:2      | Found a radiant altar of Vehumet.
  3376 | D:3      | Found an ancient bone altar of Kikubaaqudgha.
  3392 | D:3      | Found a glowing golden altar of the Shining One.
  3392 | D:3      | Found an ornate altar of the Wu Jian Council.
  3392 | D:3      | Found a bloodstained altar of Trog.
  3600 | D:3      | Reached XP level 5. HP: 44/44 MP: 1/8
  3770 | D:3      | Found a glowing drain.
  3792 | Sewer    | Entered a sewer
  3863 | Sewer    | Noticed a big kobold
  3875 | Sewer    | Killed a big kobold
  4107 | Sewer    | Noticed a big kobold
  4123 | Sewer    | Killed a big kobold
  4123 | Sewer    | Reached XP level 6. HP: 36/51 MP: 0/10
  4976 | D:3      | Reached skill level 5 in Fire Magic
  4982 | D:3      | Learned a level 4 spell: Sticky Flame
  5173 | D:4      | Noticed Sigmund
  5188 | D:4      | Found a sand-covered staircase.
  5197 | Ossuary  | Entered an ossuary
  5370 | Ossuary  | Reached XP level 7. HP: 57/57 MP: 2/12
  5498 | Ossuary  | Reached skill level 5 in Conjurations
  5579 | Ossuary  | Reached XP level 8. HP: 38/64 MP: 0/13
  5879 | D:4      | Killed Sigmund
  6517 | D:4      | Found a stormy altar of Qazlal.
  6519 | D:4      | Found a burning altar of Makhleb.
  6556 | D:4      | Learned a level 5 spell: Fireball
  6884 | D:5      | Entered Level 5 of the Dungeon
  6891 | D:5      | Found Yclezuna's Distillery.
  6910 | D:5      | Bought a potion of curing for 45 gold pieces
  6910 | D:5      | Bought a potion of heal wounds for 75 gold pieces
  7686 | D:5      | Reached XP level 9. HP: 70/70 MP: 4/16
  8380 | D:6      | Noticed a cyclops
  8654 | D:5      | Learned a level 2 spell: Blink
  8674 | D:5      | Reached skill level 5 in Spellcasting
  8866 | D:4      | Became a worshipper of Makhleb the Destroyer
  8972 | D:6      | Noticed a kobold demonologist
  8977 | D:6      | Killed a kobold demonologist
  9606 | D:6      | Found an ornate altar of the Wu Jian Council.
  9868 | D:6      | Found a sparkling altar of Nemelex Xobeh.
  9995 | D:6      | Found a snail-covered altar of Cheibriados.
 10197 | D:6      | Killed a cyclops
 10855 | D:7      | Reached XP level 10. HP: 39/79 MP: 2/18
 11276 | D:7      | Found a staircase to the Ecumenical Temple.
 11322 | D:7      | Noticed Prince Ribbit
 11331 | D:7      | Killed Prince Ribbit
 12345 | D:8      | Found Isuquel's General Store.
 12348 | D:8      | Bought a potion of resistance for 140 gold pieces
 12685 | D:8      | Reached * piety under Makhleb
 13003 | D:8      | Noticed Maurice
 13025 | D:8      | Killed Maurice
 13025 | D:8      | Reached skill level 10 in Fire Magic
 13418 | D:8      | Found a white marble altar of Elyvilon.
 13478 | D:8      | Reached skill level 10 in Conjurations
 13530 | D:8      | Found a basalt altar of Yredelemnul.
 14454 | D:9      | Reached ** piety under Makhleb
 14533 | D:9      | Noticed Erica
 14537 | D:9      | Killed Erica
 14537 | D:9      | Reached XP level 11. HP: 85/85 MP: 6/21
 14542 | D:9      | Found a glowing golden altar of the Shining One.
 15476 | D:9      | Found a sacrificial altar of Ru.
 15515 | D:9      | Reached skill level 1 in Invocations
 16041 | D:10     | Entered Level 10 of the Dungeon
 16507 | D:10     | Reached *** piety under Makhleb
 17013 | D:10     | Noticed Urug
 17199 | D:11     | Found a portal to a secret trove of treasure.
 17456 | D:11     | Found an ornate altar of the Wu Jian Council.
 18479 | D:11     | Found a staircase to the Orcish Mines.
 18621 | D:12     | Found a shimmering altar of Xom.
 18621 | D:12     | Noticed an oklob plant
 18698 | D:12     | Noticed a purple ugly thing
 18707 | D:12     | Killed a purple ugly thing
 19205 | D:12     | Noticed a brown ugly thing
 19225 | D:12     | Killed a brown ugly thing
 19225 | D:12     | Reached XP level 12. HP: 29/96 MP: 2/23
 20462 | D:10     | Found a staircase to the Lair.
 20468 | D:10     | Killed Urug
 20806 | D:10     | Noticed an ettin
 20855 | Lair:1   | Entered Level 1 of the Lair of Beasts
 21152 | Lair:1   | Noticed Nergalle
 21159 | Lair:1   | Killed Nergalle
 22438 | Lair:2   | Learned a level 3 spell: Stone Arrow
 22537 | Lair:2   | Noticed a five-headed hydra
 22543 | Lair:2   | Killed a five-headed hydra
 22543 | Lair:2   | Reached skill level 1 in Earth Magic
 22792 | Lair:2   | Reached **** piety under Makhleb
 23446 | Lair:2   | Gained mutation: You occasionally shout uncontrollably at
                  | your foes. [potion of mutation]
 23446 | Lair:2   | Gained mutation: You are partially covered in rugged brown
                  | scales. (AC +1, +3% HP) [potion of mutation]
 23446 | Lair:2   | Gained mutation: You are agile. (Dex +2) [potion of
                  | mutation]
 23446 | Lair:2   | Gained mutation: You are partially covered in thin metallic
                  | scales. (AC +2) [potion of mutation]
 23576 | Lair:2   | Found a hole to the Spider Nest.
 24264 | Lair:3   | Noticed a six-headed hydra
 24334 | Lair:3   | Reached skill level 5 in Fighting
 24452 | Lair:3   | Killed a six-headed hydra
 24560 | Lair:3   | Gained mutation: You can use your snake-like lower body to
                  | constrict enemies. [Naga growth]
 24560 | Lair:3   | Reached XP level 13. HP: 98/112 MP: 19/25
 24819 | Lair:3   | Reached skill level 5 in Earth Magic
 25899 | Lair:3   | Found a staircase to the Swamp.
 26428 | Lair:4   | Got a dazzling chain mail
 26600 | Lair:4   | You fall into a shaft and drop 2 floors!
 26600 | Lair:6   | Entered Level 6 of the Lair of Beasts
 27093 | Lair:6   | Reached ***** piety under Makhleb
 27515 | Lair:5   | Found a staircase to the Slime Pits.
 27755 | Lair:4   | Reached XP level 14. HP: 107/126 MP: 15/26
 28162 | Lair:4   | Identified the +8 chain mail of Qalotyrgh {rPois Dex+2}
                  | (You found it on level 4 of the Lair of Beasts)
 28202 | Lair:4   | Got a jewelled hand crossbow
 28203 | Lair:4   | Identified the +5 hand crossbow of Vohynil {speed, rF+ rN+
                  | MR+ Str+4} (You found it on level 4 of the Lair of Beasts)
 28910 | Lair:5   | Got a slimy battleaxe
 28911 | Lair:5   | Identified the +2 battleaxe "Yhot" {chop, Int+3} (You found
                  | it on level 5 of the Lair of Beasts)
 30204 | Lair:6   | HP: 5/127 [elephant (14)]
 31304 | Lair:6   | Reached skill level 10 in Earth Magic
 32245 | Lair:6   | Got a slimy golden ring
 32248 | Lair:6   | Identified the ring "Zifixuh" {*Contam rF+ rN+ Dex+6
                  | Slay+2} (You found it on level 6 of the Lair of Beasts)
 32865 | Orc:1    | Entered Level 1 of the Orcish Mines
 32888 | Orc:1    | Learned a level 4 spell: Iskenderun's Mystic Blast
 32905 | Orc:1    | Found a dark tunnel.
 32910 | Volcano  | Entered a volcano
 33784 | Orc:1    | Noticed Erolcha
 33788 | Orc:1    | Killed Erolcha
 34208 | Orc:1    | Learned a level 5 spell: Borgnjor's Vile Clutch
 34233 | Orc:2    | Entered Level 2 of the Orcish Mines
 34236 | Orc:2    | Reached XP level 15. HP: 139/139 MP: 12/27
 34238 | Orc:2    | Noticed Nessos
 34684 | Orc:2    | Reached skill level 1 in Shields
 34815 | Orc:2    | Killed Nessos
 36122 | Orc:2    | Found a shimmering altar of Xom.
 36355 | Orc:2    | Found a roughly hewn altar of Beogh.
 36499 | Orc:2    | Found a staircase to the Elven Halls.
 36631 | Orc:2    | Found Leuweysa's Antique Armour Emporium.
 36634 | Orc:2    | Found Sept's Food Shoppe.
 36635 | Orc:2    | Found Quott's Food Emporium.
 36636 | Orc:2    | Found Fecor's Magic Scroll Emporium.
 36643 | Orc:2    | Bought a faintly glowing robe for 131 gold pieces
 36643 | Orc:2    | Bought a ripped robe for 131 gold pieces
 36648 | Orc:2    | Identified the cursed +0 robe of Rimeigi {Str+4} (You
                  | bought it in a shop on level 2 of the Orcish Mines)
 36659 | Orc:2    | Identified the +1 robe of Levity {rF+} (You bought it in a
                  | shop on level 2 of the Orcish Mines)
 36783 | Orc:2    | Bought a scroll of identify for 34 gold pieces
 36783 | Orc:2    | Bought a scroll of fear for 59 gold pieces
 36783 | Orc:2    | Bought a scroll of teleportation for 51 gold pieces
 36783 | Orc:2    | Bought a scroll of immolation for 59 gold pieces
 36783 | Orc:2    | Bought a scroll of fear for 59 gold pieces
 36783 | Orc:2    | Bought 2 scrolls of fog for 68 gold pieces
 36783 | Orc:2    | Bought a scroll of magic mapping for 59 gold pieces
 37013 | D:5      | Bought a potion of haste for 150 gold pieces
 37013 | D:5      | Bought a potion of curing for 45 gold pieces
 37013 | D:5      | Bought a potion of invisibility for 120 gold pieces
 37013 | D:5      | Bought a potion of heal wounds for 75 gold pieces
 37013 | D:5      | Bought a potion of invisibility for 120 gold pieces
 37013 | D:5      | Bought a potion of curing for 45 gold pieces
 37364 | D:13     | Noticed Snorg
 37374 | D:13     | Killed Snorg
 37585 | D:13     | Reached skill level 1 in Unarmed Combat
 38126 | D:13     | Noticed Sonja
 38129 | D:13     | Killed Sonja
 38789 | D:13     | Noticed Kirke
 38795 | D:13     | Killed Kirke
 39071 | D:13     | Noticed Jorgrun
 39342 | D:13     | Reached ****** piety under Makhleb
 39688 | D:13     | Found a gate to the Vaults.
 39890 | D:13     | Killed from afar by Jorgrun

Levels and vault maps discovered:
D:1:      elethiomel_arrival_maze, layout_loops_ring
D:2:      layout_loops_corners, fiery_altar_vehumet, grunt_gozag_statues
D:3:      layout_loops_ring, overflow_temple_1_default,
          gammafunk_temple_overflow_claw, first_ration, portal_sewer_entry_f,
          st_stairs_7
D:4:      layout_basic, nicolae_overflow_hidden_temple,
          gup_ossuary_entry_pyramid, uniq_sigmund
D:5:      layout_loops_cross, serial_shops, shop
D:6:      cheibrodos_fzero, layout_loops_ring, cheibrodos_worm_habitat,
          lemuel_doored_altar, serial_bayou_lagoon_a, st_stairs_8,
          lemuel_tele_altar
D:7:      layout_loops_ring, minmay_temple_entry_large_hall, uniq_prince_ribbit1
D:8:      layout_basic, kennysheep_ying_yang, serial_shops,
          nicolae_shop_behind_doors, chequers_big_river, uniq_maurice
D:9:      layout_stronghold, marbit_many_paths, basic_altar,
          hangedman_pestilent_swarm, uniq_erica
D:10:     layout_basic, david_lair_generic, onia_ninara_dug_in_and_dangerous,
          uniq_urug
D:11:     layout_grid_maze, orc_0_dummy, nicolae_trove_entry_free_sample,
          basic_altar
D:12:     layout_cross, lemuel_oklob_altar
D:13:     layout_loops_cross, david_vaults_5, uniq_sonja, uniq_jorgrun,
          uniq_kirke, uniq_snorg
Lair:1:   layout_cave_pods, uniq_nergalle
Lair:2:   layout_roguey, nicolae_spider_entry_non_spiders, special_room
          [special_room_bee]
Lair:3:   layout_cave_pods, nicolae_swamp_entry_splash_gauntlet
Lair:4:   dragon1_lemuel, layout_loops_ring, grunt_forest_large_clearing_hut,
          grunt_megastairs_2, lemuel_fruit_tree
Lair:5:   layout_cave_pods, slime_dummy
Lair:6:   hangedman_lair_tendril_chambers, layout_cave_shapes
Orc:1:    layout_caves, enter_volcano_4, library_closet, uniq_erolcha
Orc:2:    st_orc_pillars, layout_caves, basic_altar, david_defended_altar_orc,
          uniq_nessos

Skill      XL: |  1  2  3  4  5  6  7  8  9 10 11 12 13 14 15 |
---------------+----------------------------------------------+-----
Conjurations   | 2 3 4 5 6 8 10 11 12 13 14 | 14.4
Fighting       | 1 2 5 7 9 |  9.9
Fire Magic     | 4 5 6 7 9 10 12 13 14 | 14.6
Spellcasting   | 3 4 5 7 8 |  8.7
Invocations    | 3 |  3.0
Earth Magic    | 4 8 10 11 | 11.2
Shields        | 3 |  3.1
Unarmed Combat | 3 |  3.3
Long Blades    | |  0.2
Dodging        | |  1.5
Stealth        | |  3.0

Action                   |  1- 3 |  4- 6 |  7- 9 | 10-12 | 13-15 || total
-------------------------+-------+-------+-------+-------+-------++-------
Melee: Unarmed           |    29 |    15 |       |       |    53 ||    97
       War axe           |       |    14 |    83 |    57 |    41 ||   195
       Scimitar          |       |       |       |     7 |       ||     7
       Constrict         |       |       |       |       |    44 ||    44
       Battleaxe         |       |       |       |       |    40 ||    40
       Demon blade       |       |       |       |       |    39 ||    39
 Cast: Flame Tongue      |    37 |    70 |    80 |   172 |     7 ||   366
       Throw Flame       |    29 |    32 |    94 |   201 |   110 ||   466
       Conjure Flame     |       |     1 |     5 |     5 |     9 ||    20
       Sticky Flame      |       |     1 |    13 |   101 |   148 ||   263
       Fireball          |       |       |     4 |    99 |   278 ||   381
       Stone Arrow       |       |       |       |    16 |    84 ||   100
       Iskenderun's Myst |       |       |       |       |    14 ||    14
       Blink             |       |       |       |       |     4 ||     4
       Borgnjor's Vile C |       |       |       |       |     3 ||     3
Invok: Lesser Servant of |       |       |       |     4 |    14 ||    18
 Abil: Spit Poison       |     2 |     7 |     3 |     3 |     3 ||    18
Evoke: Wand              |       |       |       |       |     4 ||     4
  Use: Scroll            |       |     7 |     2 |     9 |    23 ||    41
       Potion            |       |       |     2 |     3 |     7 ||    12
 Stab: Distracted        |       |       |       |     1 |       ||     1
  Eat: Chunk             |     6 |     9 |    11 |    43 |    75 ||   144
       Ration            |       |       |     2 |     8 |    11 ||    21
Armor: Robe              |    15 |    29 |    40 |   128 |   112 ||   324
       Skin              |       |       |       |       |    55 ||    55
Dodge: Dodged            |    35 |    46 |    59 |   172 |   243 ||   555
       Deflected         |       |       |       |       |    15 ||    15
Block: Buckler           |       |       |       |       |    68 ||    68
       Rpst.: Scimitar   |       |       |       |     2 |       ||     2
       Demon blade       |       |       |       |       |    12 ||    12
